 Dungeon Crawl Stone Soup version 0.26.0-7-g794d0892b4 (webtiles) character file.

Game seed: 2032599371914974323

123 jackrogers the Chopper (level 4, 0/39 HPs)
             Began as a Minotaur Chaos Knight on Jan 12, 2021.
             Was a Plaything of Xom.
             Slain by an iron imp (9 damage)
             ... summoned by Xom
             ... on level 2 of the Dungeon.
             The game lasted 00:02:04 (1703 turns).

jackrogers the Chopper (Minotaur Chaos Knight)      Turns: 1703, Time: 00:02:05

Health: 0/39       AC:  5    Str: 17    XL:     4   Next: 79%
Magic:  3/3        EV: 10    Int:  7    God:    Xom [......]
Gold:   126        SH:  3    Dex: 10    Spells: 3/3 levels left

rFire    . . .     SeeInvis .   a - +1 hand axe (chaos)
rCold    . . .     Faith    .   k - +0 buckler
rNeg     . . .     Spirit   .   b - +2 leather armour
rPois    .         Reflect  .   (helmet unavailable)
rElec    .         Harm     .   (no cloak)
rCorr    .         Rampage  .   (no gloves)
Will     .....                  (no boots)
Stlth    +.........             (no amulet)
HPRegen  0.13/turn              (no ring)
MPRegen  0.08/turn              (no ring)

@: no status effects
A: retaliatory headbutt, horns 3, blink, dopey 1, MP-powered wands
a: Blink, Renounce Religion


You were on level 2 of the Dungeon.
You worshipped Xom.
You were a very special plaything of Xom.
You visited 1 branch of the dungeon, and saw 2 of its levels.

You collected 126 gold pieces.

Inventory:

Hand Weapons
 a - a +1 hand axe of chaos (weapon)
Armour
 b - a +2 leather armour (worn)
 j - a +0 cloak
   (You took it off Crazy Yiuf on level 2 of the Dungeon)
 k - a +0 buckler (worn)
   (You found it on level 1 of the Dungeon)
Scrolls
 f - 2 scrolls of amnesia
 g - a scroll of fear
 h - a scroll of random uselessness {unknown}
 i - 2 scrolls of remove curse
Potions
 c - a potion of brilliance {unknown}
 d - 2 potions of curing {unknown}
 e - a potion of haste {unknown}
 l - a potion of attraction {unknown}
 m - 3 potions of heal wounds {unknown}


   Skills:
 - Level 3.6 Fighting
 + Level 6.7 Axes
 - Level 2.4 Armour
 - Level 1.1 Dodging


You had 3 spell levels left.
You didn't know any spells.
Your spell library was empty.

Dungeon Overview and Level Annotations

Branches:
Dungeon (2/15)

Altars:
Fedhas
Hepliaklqana


Innate Abilities, Weirdness & Mutations

You reflexively headbutt those who attack you in melee.
You have a pair of large horns on your head.
You can translocate small distances at will.
You are dopey. (Int -2)
You expend magic power (3 MP) to strengthen your wands.


Message History

Spoiler Alert: Natasha can cast Slow, Mephitic Cloud, Call Imp, and go Invisible!
You hit Natasha. You freeze Natasha. Natasha barely misses you.
Spoiler Alert: Natasha can cast Slow, Mephitic Cloud, Call Imp, and go Invisible!
You slash Natasha!
Natasha's magic leaks into the air.
Your headbutt misses Natasha. Natasha claws you.
Spoiler Alert: Natasha can cast Slow, Mephitic Cloud, Call Imp, and go Invisible!
You closely miss Natasha. Natasha barely misses you.
Spoiler Alert: Natasha can cast Slow, Mephitic Cloud, Call Imp, and go Invisible!
Your shield prevents you from hitting Natasha.
Natasha falters for a moment.
Spoiler Alert: Natasha can cast Slow, Mephitic Cloud, Call Imp, and go Invisible!
You hit Natasha.
You kill Natasha!
Natasha growls in agony!
Your Axes skill increases to level 6!
You have reached level 4!
You feel agile. "You need some minor improvements, mortal!"
Your body is suffused with distortional energy.
The horns on your head grow some more.
You feel jittery.
You feel stupid.
You feel your magical essence link to the dungeon's wands.
f - 2 scrolls of amnesia (gained 1)
Things that are here:
a bat skeleton; a rat skeleton As you open the door, it creaks loudly!
There is an open door here.
You see here a +0 club.
You see here a +0 club.
A dart slug comes into view.
A dart slug is nearby!
A dart slug is nearby!
Unknown command.
The dart slug launches a dart at you.
The slug dart hits you but does no damage.
You hit the dart slug.
The dart slug is poisoned.
You headbutt the dart slug.
You kill the dart slug!
No target in view!
No target in view!
You see here a mace.
You see here a mace.
You see here a mace.
Crazy Yiuf shouts!
You see here a mace.
You see here a mace.
Spoiler Alert: Crazy Yiuf can hit for high damage in melee!
Could not explore, unopened runed door.
Could not explore, unopened runed door.
Could not explore, unopened runed door.
No reachable target in view!
No reachable target in view!
No reachable target in view!
Spoiler Alert: Crazy Yiuf can hit for high damage in melee!
You open the door.
Crazy Yiuf grits, "Nubble!"
You hit Crazy Yiuf.
Crazy Yiuf hits you with a +2 quarterstaff of chaos!
You are poisoned.
You hit Crazy Yiuf.
You feel sick. Crazy Yiuf misses you.
Spoiler Alert: Crazy Yiuf can hit for high damage in melee!
You barely miss Crazy Yiuf.
You feel sick.
Crazy Yiuf hits you with a +2 quarterstaff of chaos!
You hit Crazy Yiuf.
You feel sick. Crazy Yiuf barely misses you.
Unknown command.
You hit Crazy Yiuf. You freeze Crazy Yiuf.
You feel sick. Crazy Yiuf completely misses you.
Spoiler Alert: Crazy Yiuf can hit for high damage in melee!
You hit Crazy Yiuf.
You feel sick.
Crazy Yiuf heaves a sigh in contemplation.
Crazy Yiuf hits you with a +2 quarterstaff of chaos.
You feel very mighty all of a sudden.
Xom is highly amused!
Xom thinks this is hilarious!
Spoiler Alert: Crazy Yiuf can hit for high damage in melee!
Unknown command.
You barely miss Crazy Yiuf. Your headbutt misses Crazy Yiuf.
You feel sick. Crazy Yiuf barely misses you.
You hit Crazy Yiuf. You freeze Crazy Yiuf.
Crazy Yiuf hits you but does no damage.
You completely miss Crazy Yiuf.
You feel sick. Crazy Yiuf barely misses you.
Spoiler Alert: Crazy Yiuf can hit for high damage in melee!
You slash Crazy Yiuf!
You kill Crazy Yiuf!
You feel sick.
j - a +0 cloak
There is an open translucent door here.
Things that are here:
a +2 quarterstaff of chaos; the gnoll corpse of Crazy Yiuf You feel sick.
You feel sick.
You see here a mace.
You start resting.
You feel sick. x7
You are no longer poisoned.
You feel a little less mighty now. "Let's see if it's strong enough to survive yet."
You hit the iron imp.
The iron imp convulses.
You barely miss the iron imp. Your headbutt misses the iron imp.
The iron imp hits you!
You die... "What!?
That's it?"

### #.# #.# #.# ..#
#.## ########
...###.#P)#)########
#.)......P)#))##@5.#
#..#....PP####.))..#
#..##..#P## ###..)#
...####### #####
#...# ##..###
...>..# ##..###
.....#


You could see an iron imp (summoned).

Vanquished Creatures
  Crazy Yiuf (D:2)
  Natasha (D:2)
  An adder (D:2)
  An ooze (D:2)
  A worm (D:2)
  2 dart slugs
  A leopard gecko (D:2)
  2 ball pythons
  4 giant cockroaches
  4 goblins
  7 hobgoblins
  4 kobolds (D:1)
  9 bats
  3 frilled lizards
  6 rats
47 creatures vanquished.

Notes
Turn   | Place    | Note
-------+----------+-------------------------------------------
     0 | D:1      | jackrogers the Minotaur Chaos Knight began the quest for
                  | the Orb.
     0 | D:1      | Reached XP level 1. HP: 19/19 MP: 0/0
    92 | D:1      | Reached skill level 4 in Axes
   110 | D:1      | Reached XP level 2. HP: 26/26 MP: 1/1
   352 | D:1      | Reached skill level 5 in Axes
   499 | D:1      | XOM is BORED!
   499 | D:1      | XOM: silly message
   560 | D:1      | Reached XP level 3. HP: 31/31 MP: 2/2
   921 | D:2      | Found a runed translucent door.
   922 | D:2      | Noticed Crazy Yiuf
  1139 | D:2      | Found a blossoming altar of Fedhas.
  1218 | D:2      | Found a hazy altar of Hepliaklqana.
  1291 | D:2      | Noticed Natasha
  1299 | D:2      | Killed Natasha
  1300 | D:2      | Reached skill level 6 in Axes
  1300 | D:2      | Reached XP level 4. HP: 25/39 MP: 3/3
  1323 | D:2      | XOM: give mutations
  1323 | D:2      | Gained mutation: You have a pair of large horns on your
                  | head. [Xom's mischief]
  1323 | D:2      | Gained mutation: You can translocate small distances at
                  | will. [Xom's mischief]
  1323 | D:2      | Gained mutation: You are dopey. (Int -2) [Xom's mischief]
  1323 | D:2      | Gained mutation: You expend magic power (3 MP) to
                  | strengthen your wands. [Xom's mischief]
  1652 | D:2      | Killed Crazy Yiuf
  1655 | D:2      | HP: 9/39 [poisoned by Crazy Yiuf]
  1662 | D:2      | HP: 7/39 [poisoned by Crazy Yiuf]
  1669 | D:2      | HP: 6/39 [poisoned by Crazy Yiuf]
  1677 | D:2      | HP: 5/39 [poisoned by Crazy Yiuf]
  1701 | D:2      | XOM: summons 1 hostile demon
  1703 | D:2      | Slain by an iron imp

Illustrated notes

Levels and vault maps discovered:
D:1:      eino_arrival_water_star, layout_basic, patterned_corridor
D:2:      layout_basic, nicolae_overflow_crystal_walls,
          nzn_hepliaklqana_mist_gate, minmay_misc_feat_more_columns,
          uniq_crazy_yiuf_cottage, uniq_natasha

Skill      XL: |  1  2  3 |
---------------+----------+-----
Axes           | 4 5 6 |  6.7
Fighting       | |  3.6
Armour         | |  2.4
Dodging        | |  1.1

Action                   |  1- 3 |  4- 6 || total
-------------------------+-------+-------++-------
Melee: Hand axe          |    94 |    13 ||   107
       Headbutt          |    10 |     1 ||    11
  Use: Scroll            |     6 |       ||     6
 Stab: Paralysed         |     1 |       ||     1
Armor: Leather armour    |    32 |     2 ||    34
Dodge: Dodged            |    49 |     5 ||    54

Table legend: (Time is in decaauts)
 A = Elapsed time spent in this place.
 B = Non-inter-level travel time spent in this place.
 C = Inter-level travel time spent in this place.
 D = Time resting spent in this place.
 E = Time spent auto-exploring this place.
 F = Levels seen in this place.
 G = Mean time per level.
                   A        B        C        D        E       F      G
               +--------+--------+--------+--------+--------+-----+--------+
         Total |   1710 |   1659 |     51 |     22 |   1366 |   2 |  855.0 |
       Dungeon |   1710 |   1659 |     51 |     22 |   1366 |   2 |  855.0 |
               +--------+--------+--------+--------+--------+-----+--------+

Top non-repeatable levels by time:
     D:2: 993 daAuts
     D:1: 716 daAuts

Table legend:
 A = Kills in this place as a percentage of kills in entire the game.
 B = Kills by you in this place as a percentage of kills by you in the entire game.
 C = Kills by friends in this place as a percentage of kills by friends in the entire game.
 D = Other kills in this place as a percentage of other kills in the entire game.
 E = Experience gained in this place as a percentage of experience gained in the entire game.
 F = Experience gained in this place divided by the number of levels of this place that you have seen.
                   A       B       C       D       E      F
               +-------+-------+-------+-------+-------+----------------------
         Total | 100.0 | 100.0 |   N/A |   N/A | 100.0 |  88.0
       Dungeon | 100.0 | 100.0 |   N/A |   N/A | 100.0 |  88.0
               +-------+-------+-------+-------+-------+----------------------
